 Dungeon Crawl Stone Soup version bcrawl-1.19.1 (webtiles) character file.

Game seed: 12440557203161665820

128 diana the Charmwright (level 5, 0/31 HPs)
             Began as an Avariel Skald on Nov 28, 2019.
             Slain by a hound (2 damage)
             ... on level 3 of the Dungeon.
             The game lasted 00:04:25 (3016 turns).

diana the Charmwright (Avariel Skald)               Turns: 3016, Time: 00:04:26

Health: 0/31       AC:  4    Str: 10    XL:     5   Next: 11%
Magic:  5/11       EV: 12    Int: 19    God:
Gold:   131        SH:  0    Dex: 12    Spells: 1/10 levels left

rFire    . . .     SeeInvis .   a - +0 falchion
rCold    . . .     Gourm    .   (no shield)
rNeg     . . .     Faith    .   b - +0 leather armour
rPois    .         Spirit   .   (no helmet)
rElec    .         Reflect  .   m - +0 cloak
rCorr    .         Harm     .   (no gloves)
MR       .....                  (no boots)
Stlth    +.........             (no amulet)
HPRegen  0.10/turn              (no ring)
MPRegen  0.12/turn              (no ring)

@: singing, very slightly contaminated
A: no striking features
a: no special abilities


You were on level 3 of the Dungeon.
You were not hungry.

You visited 1 branch of the dungeon, and saw 3 of its levels.

You collected 131 gold pieces.

Inventory:

Hand Weapons
 a - a +0 falchion (weapon)
Armour
 b - a +0 leather armour (worn)
 m - a +0 cloak (worn)
Scrolls
 c - 3 scrolls of teleportation {unknown}
 d - 2 scrolls of fear
 e - 3 scrolls of identify {unknown}
 h - 4 scrolls of enchant armour {unknown}
 l - a scroll of remove curse {unknown}
 p - a scroll of magic mapping {unknown}
 q - a scroll of blinking {unknown}
Potions
 g - a potion of agility {unknown}
 i - 2 potions of heal wounds {unknown}
 j - a potion of degeneration {unknown}
 k - a potion of haste {unknown}
 n - a potion of invisibility {unknown}
 o - a potion of mutation {unknown}
Comestibles
 f - a ration {!d}


   Skills:
 + Level 2.4 Fighting
 + Level 3.0 Long Blades
 + Level 2.1 Armour
 + Level 2.8 Dodging
 + Level 3.2 Spellcasting
 + Level 0.6 Hexes
 + Level 4.4 Charms
 + Level 0.8 Necromancy


You had one spell level left.
You knew the following spells:

 Your Spells              Type           Power        Failure   Level  Hunger
a - Infusion              Chrm           ###.....     3%          1    None
b - Song of Slaying       Chrm           ###.....     4%          2    ##.....
c - Regeneration          Chrm/Necr      ##........   21%         3    ###....
d - Spectral Weapon       Hex/Chrm       ##......     21%         3    ###....

Your spell library contained the following spells:

 Spells                   Type           Power        Failure   Level  Hunger
 Ozocubu's Armour         Chrm/Ice       ##......     24%         3    ###....


Dungeon Overview and Level Annotations

Branches:
Dungeon (3/12)

Altars:
Ru
Yredelemnul
Zin


Message History

You miscast Song of Slaying.
Nothing appears to happen.
The hound completely misses you.
The quokka bites you but does no damage.
Casting: Song of Slaying (safe; 4% risk of failure)
Confirm with . or Enter, or press ? or * to list all spells.
You start singing a song of slaying.
The hound closely misses you.
The quokka bites you but does no damage.
The hound bites you.
You hit the hound.
The hound is heavily wounded.
The quokka bites you.
* * * LOW HITPOINT WARNING * * *
The hound barely misses you. The quokka bites you.
* * * LOW HITPOINT WARNING * * *
You hit the quokka.
The quokka is severely wounded.
The hound bites you.
* * * LOW HITPOINT WARNING * * *
The hound bites you.
You die...

#.#.# ##### .#.#
####?..###.. # ...
#....#..... #. #.#
#.##...# +..##.#####
#..)..# #.........#
#..#### #.###.###.#
#..######. #.###.# #.#
#hr....... ..#...# #.#
###@....#### ..#.###
#.# #......(#
#....####.####.#.....#
......................+
#.........####.#....###
###.####### #......#
#...### ###.####
#.#...# #.# #.<.#.# .#


You could see a hound and a quokka.

Vanquished Creatures
  An orc wizard (D:2)
  2 worms (D:2)
  2 dart slugs (D:2)
  5 leopard geckos
  An orc (D:2)
  A ball python (D:1)
  3 giant cockroaches
  7 goblins
  8 hobgoblins
  3 jackals (D:2)
  10 kobolds
  3 quokkas
  4 bats (D:1)
  2 frilled lizards (D:2)
  8 rats
60 creatures vanquished.

Vanquished Creatures (others)
  An orc wizard (D:2)
1 creature vanquished.

Grand Total: 61 creatures vanquished

Notes
Turn   | Place    | Note
-------+----------+-------------------------------------------
     0 | D:1      | diana the Avariel Skald began the quest for the Orb.
     0 | D:1      | Reached XP level 1. HP: 12/12 MP: 6/6
   172 | D:1      | Reached skill level 4 in Charms
   172 | D:1      | Reached XP level 2. HP: 5/17 MP: 7/7
   775 | D:1      | Reached XP level 3. HP: 14/21 MP: 9/9
   982 | D:1      | Learned a level 2 spell: Song of Slaying
   986 | D:1      | Learned a level 3 spell: Regeneration
  2088 | D:2      | Reached XP level 4. HP: 26/26 MP: 10/10
  2097 | D:2      | Learned a level 3 spell: Spectral Weapon
  2401 | D:2      | Reached XP level 5. HP: 15/31 MP: 9/11
  2695 | D:2      | Found a basalt altar of Yredelemnul.
  2873 | D:2      | Found a sacrificial altar of Ru.
  2880 | D:2      | Found a glowing silver altar of Zin.
  3016 | D:3      | Slain by a hound

Skill      XL: |  1  2  3  4 |
---------------+-------------+-----
Charms         | 4 |  4.4
Fighting       | 2 |  2.4
Spellcasting   | 3 |  3.2
Long Blades    | 3 |  3.0
Armour         | 2 |  2.1
Dodging        | |  2.8
Hexes          | |  0.6
Necromancy     | |  0.8

Action                   |  1- 3 |  4- 6 || total
-------------------------+-------+-------++-------
Melee: Falchion          |   172 |    69 ||   241
 Cast: Infusion          |     3 |     1 ||     4
       Song of Slaying   |       |     3 ||     3
       Regeneration      |       |     1 ||     1
  Eat: Chunk             |     4 |     3 ||     7
Armor: Leather armour    |    50 |    15 ||    65
Dodge: Dodged            |   130 |    42 ||   172
